 Dungeon Crawl Stone Soup version 0.24.1 (webtiles) character file.

Game seed: 14175269102010216700, levelgen mode: deterministic

3634 nightchill the Tainter (level 10, 0/61 HPs)
             Began as a Gargoyle Venom Mage on Mar 24, 2020.
             Was a Believer of Okawaru.
             Slain by an orc warrior
             ... wielding a +0 glaive
              (11 damage)
             ... on level 8 of the Dungeon.
             The game lasted 00:21:54 (9443 turns).

nightchill the Tainter (Gargoyle Venom Mage)        Turns: 9443, Time: 00:21:55

Health: 0/61       AC: 14    Str: 11    XL:     10   Next: 11%
Magic:  12/13      EV: 12    Int: 17    God:    Okawaru [**....]
Gold:   288        SH:  0    Dex: 16    Spells: 8/13 levels left

rFire    + . .     SeeInvis .   F - +7 flail (freeze) (curse)
rCold    x . .     Gourm    .   (no shield)
rNeg     + . .     Faith    .   d - +3 leather armour "Joughatz" {+Fly Str-3 Dex+6}
rPois    ∞         Spirit   .   (no helmet)
rElec    +         Reflect  .   (no cloak)
rCorr    .         Harm     .   s - +0 pair of gloves
MR       .....                  (no boots)
Stlth    ++........             (no amulet)
HPRegen  0.20/turn              r - ring of fire
MPRegen  0.13/turn              (no ring)

@: starving
A: negative energy resistance 1, electricity resistance, unbreathing,
petrification resistance, rot immunity, AC +7
a: Heroism, Renounce Religion, Evoke Flight


You were on level 8 of the Dungeon.
You worshipped Okawaru.
Okawaru was pleased with you.
You were starving.

You visited 2 branches of the dungeon, and saw 9 of its levels.

You collected 288 gold pieces.

Inventory:

Hand Weapons
 b - a +0 club
 f - a +0 hunting sling
 j - a +0 mace
 y - a +0 mace of draining
 z - a +2 whip of electrocution
 F - a cursed +7 flail of freezing (weapon)
Missiles
 e - 308 stones (quivered)
 n - 79 sling bullets
 q - 2 curare-tipped darts
 G - 8 poisoned darts
Armour
 a - a +0 robe
 d - the +3 leather armour "Joughatz" (worn) {+Fly Str-3 Dex+6}
   (You found it on level 4 of the Dungeon)

   It affects your strength (-3).
   It affects your dexterity (+6).
   It lets you fly.
 s - a +0 pair of gloves (worn)
 A - a +0 robe of positive energy
 E - the cursed +0 scale mail "Jofeocar" {Regen+ Str+2 Int+3}
   (You found it on level 6 of the Dungeon)

   It affects your strength (+2).
   It affects your intelligence (+3).
   It increases your rate of regeneration.
   It has a curse placed upon it.
Jewellery
 g - an uncursed ring of magical power {unknown}
 r - a ring of fire (left hand)
 B - an uncursed amulet of magic regeneration {unknown}
 D - a cursed amulet of inaccuracy {unknown}
Wands
 t - a wand of random effects (14)
Scrolls
 i - 3 scrolls of amnesia
 v - a scroll of teleportation
 x - 2 scrolls of identify
 C - a scroll of random uselessness
Potions
 h - 2 potions of agility
 k - a potion of curing
 l - 3 potions of berserk rage
 m - a potion of invisibility {unknown}
 o - 3 potions of brilliance
 p - 3 potions of heal wounds {unknown}
 u - a potion of lignification {unknown}
 w - a potion of haste {unknown}
 H - a potion of magic {unknown}
Comestibles
 c - 7 rations


   Skills:
 + Level 6.8 Fighting
 * Level 8.9 Maces & Flails
 - Level 1.5 Dodging
 - Level 2.1 Stealth
 - Level 2.0 Spellcasting
 - Level 1.1 Conjurations
 * Level 9.5 Poison Magic
 + Level 1.0 Invocations


You had 8 spell levels left.
You knew the following spells:

 Your Spells              Type           Power        Failure   Level  Hunger
a - Sting                 Conj/Pois      ###.         3%          1    #......
b - Olgreb's Toxic Radia  Pois           ####....     4%          4    #####..

Your spell library contained the following spells:

 Spells                   Type           Power        Failure   Level  Hunger
 Poisonous Vapours        Pois/Air       ###...       5%          2    ###....
 Mephitic Cloud           Conj/Pois/Air  ##......     19%         3    ###....
 Animate Skeleton         Necr           N/A          26%         1    #......
 Pain                     Necr           #...         26%         1    #......
 Regeneration             Chrm/Necr      #.........   58%         3    ###....
 Vampiric Draining        Necr           #.........   58%         3    ###....
 Venom Bolt               Conj/Pois      ###.......   63%         5    ######.
 Animate Dead             Necr           N/A          94%         4    #####..


Dungeon Overview and Level Annotations

Branches:
Dungeon (8/15)             Temple (1/1) D:6
   Lair: D:8-11

Altars:
Ashenzari
Cheibriados
Dithmenos
Elyvilon
Hepliaklqana
Kikubaaqudgha
Makhleb
Okawaru
Ru
Trog
Wu Jian
Xom
Zin

Shops:
D:5 (

Annotations:
D:2 3 exclusions
D:5 exclusion: downstairs


Innate Abilities, Weirdness & Mutations

You are resistant to torment.
Your stone body is resilient. (AC +7)
You are immune to poison.
You resist negative energy. (rN+)
You are resistant to electric shocks. (rElec)
You can survive without breathing.
You are immune to petrification.
You are immune to rotting.


Message History

The orc warrior is severely wounded.
The shadow imp barely misses you.
You barely miss the orc warrior.
The orc warrior is severely wounded.
The orc warrior hits you with a +0 glaive!
The shadow imp misses you.
You hit the orc warrior. You freeze the orc warrior.
The orc warrior is almost dead.
The shadow imp closely misses you.
The orc warrior hits you with a +0 glaive!
You barely miss the orc warrior.
The orc warrior is almost dead.
The shadow imp barely misses you.
The orc warrior hits you with a +0 glaive!
* * * LOW HITPOINT WARNING * * *
You hit the orc warrior but do no damage.
The orc warrior is almost dead.
The shadow imp hits you but does no damage.
The orc warrior hits you from afar with a +0 glaive!
You die...

.#...#.#.# # ... ..
.#.....#.#.#.#..###..
.....#...#.#.#.#........
.#.#.#.....#.#...........
.#.#.#.#...#.#.#..........
.#.#.#.#.....#.#.......... ..
.#.#.#.#.#.#...#.#o#.....#### .#
.##.#.#.#.#.#.#.#.#.........#..#
...#.#.#.#.#.#..@5.#...........#
.##.#.#.#<#.#.#...#......####..#
.#.#.#.#.#.#.#.....#.#...#.....##
..#.#.#.#.#.#.#.#.#.#.#....5.....
...#.#.#.#.#.#.#.#.#.#.#.........
..#.#.#.#.#.#.#.#.#.#.##.)##(....
)#.#.#.#)#...#.#.#.#.#.#..# .....
)..[..........#.#.#.#.#.... .[...
....[[[..#...#.#.#.#.#....##.....


You could see an orc warrior and a shadow imp.

Vanquished Creatures
  Pikel (D:5)
  A meliai (D:7)
  Grinder (D:4)
  A hornet (D:7)
  A water moccasin (D:8)
  2 orc warriors
  2 slaves (D:5)
  A black bear (D:7)
  Duvessa (D:5)
  A necrophage (D:7)
  2 ogres
  2 centaurs
  A crocodile (D:7)
  A big kobold (D:7)
  5 bullfrogs
  Dowan (D:5)
  4 wights
  2 howler monkeys (D:7)
  3 bullfrog zombies
  3 hounds
  A jelly (D:6)
  3 centaur skeletons
  An orc priest (D:8)
  3 bullfrog skeletons
  5 orc wizards
  3 worker ants
  A killer bee zombie (D:5)
  A hound zombie (D:5)
  A hound skeleton (D:4)
  A worker ant zombie (D:5)
  3 gnolls (D:4)
  10 adders
  A river rat (D:5)
  4 shadow imps
  An ooze (D:2)
  4 worms
  A dart slug (D:3)
  6 leopard geckos
  18 orcs
  2 bats (D:2)
  3 giant cockroaches
  10 hobgoblins
  3 quokkas
  4 frilled lizards
  3 giant cockroach zombies (D:5)
  2 goblins
  A jackal zombie (D:5)
  13 kobolds
  A quokka skeleton (D:5)
  7 rats
153 creatures vanquished.

Notes
Turn   | Place    | Note
-------+----------+-------------------------------------------
     0 | D:1      | nightchill the Gargoyle Venom Mage began the quest for the
                  | Orb.
     0 | D:1      | Reached XP level 1. HP: 10/10 MP: 3/3
   526 | D:1      | Reached XP level 2. HP: 14/16 MP: 5/5
  1011 | D:2      | Reached skill level 1 in Fighting
  1011 | D:2      | Reached skill level 1 in Maces & Flails
  1317 | D:2      | Reached XP level 3. HP: 20/20 MP: 4/6
  1995 | D:2      | Reached XP level 4. HP: 24/25 MP: 5/7
  2017 | D:2      | Learned a level 4 spell: Olgreb's Toxic Radiance
  2566 | D:3      | Reached skill level 4 in Poison Magic
  2731 | D:3      | Reached XP level 5. HP: 21/30 MP: 8/8
  3285 | D:3      | Found a glowing silver altar of Zin.
  3523 | D:4      | Noticed a centaur
  3540 | D:4      | Killed a centaur
  3540 | D:4      | Reached XP level 6. HP: 18/36 MP: 6/9
  3920 | D:4      | Got a warped leather armour
  3931 | D:4      | Identified the +3 leather armour "Joughatz" {+Fly Str-3
                  | Dex+6} (You found it on level 4 of the Dungeon)
  3989 | D:4      | Noticed Grinder
  3998 | D:4      | Paralysed by Grinder for 4 turns
  4008 | D:4      | Paralysed by Grinder for 7 turns
  4022 | D:4      | Killed Grinder
  4022 | D:4      | Reached skill level 5 in Poison Magic
  4022 | D:4      | Reached XP level 7. HP: 16/41 MP: 4/10
  4461 | D:5      | Entered Level 5 of the Dungeon
  4953 | D:5      | Found Ribimaiq's Weapon Boutique.
  5053 | D:5      | Found a sacrificial altar of Ru.
  5055 | D:5      | Found a hazy altar of Hepliaklqana.
  5270 | D:5      | Noticed Duvessa
  5273 | D:5      | Noticed Dowan
  5286 | D:5      | Killed Duvessa
  5286 | D:5      | Reached skill level 5 in Maces & Flails
  5286 | D:5      | Reached skill level 6 in Poison Magic
  5294 | D:5      | Killed Dowan
  5660 | D:5      | Noticed Pikel
  5698 | D:5      | Killed Pikel
  5698 | D:5      | Reached skill level 7 in Poison Magic
  5698 | D:5      | Reached XP level 8. HP: 45/48 MP: 5/11
  6028 | D:6      | Found a staircase to the Ecumenical Temple.
  6469 | D:6      | Reached skill level 5 in Fighting
  6487 | D:6      | Found a bloodstained altar of Trog.
  6705 | D:6      | Got a warped scale mail
  6711 | Temple   | Entered the Ecumenical Temple
  6714 | Temple   | Identified the cursed +0 scale mail "Jofeocar" {Regen+
                  | Str+2 Int+3} (You found it on level 6 of the Dungeon)
  6722 | Temple   | Became a worshipper of Warmaster Okawaru
  7212 | D:7      | Reached XP level 9. HP: 47/54 MP: 12/12
  7253 | D:7      | Noticed a meliai
  7258 | D:7      | Killed a meliai
  7258 | D:7      | Reached skill level 8 in Poison Magic
  7397 | D:7      | Reached * piety under Okawaru
  8149 | D:7      | Found a burning altar of Makhleb.
  8305 | D:7      | Noticed a hornet
  8323 | D:7      | Killed a hornet
  8323 | D:7      | Reached ** piety under Okawaru
  8323 | D:7      | Reached skill level 9 in Poison Magic
  8973 | D:8      | Reached XP level 10. HP: 25/61 MP: 5/13
  9422 | D:8      | Reached skill level 1 in Invocations
  9443 | D:8      | Slain by an orc warrior

Levels and vault maps discovered:
D:1:      saegor_arrival_simple_b, layout_basic, minmay_misc_feat_columns,
          roderic_lattice_a
D:2:      wander_river, layout_rooms
D:3:      layout_loops_ring, zin_academy
D:4:      layout_rooms, uniq_grinder
D:5:      layout_loops_corners, grunt_temple_overflow_open,
          gup_sewer_entry_bowl, serial_undead, serial_undead_d, serial_undead_e,
          serial_undead_d, serial_undead_c, first_ration, serial_shops, shop,
          lemuel_old_faithful, uniq_duvessa, uniq_pikel
D:6:      layout_loops_ring, marbit_many_paths, minmay_temple_entry_grid
D:7:      layout_loops_corners, basic_altar, minmay_three_doors
D:8:      layout_basic, serial_shops, nicolae_shop_waterfront
Temple:   eino_narrow_crystal_temple

Skill      XL: |  1  2  3  4  5  6  7  8  9 10 |
---------------+-------------------------------+-----
Fighting       | 1 2 3 4 5 6 |  6.8
Maces & Flails | 1 2 3 4 6 8 |  8.9
Poison Magic   | 4 5 7 9 |  9.5
Invocations    | 1 |  1.0
Dodging        | |  1.5
Stealth        | |  2.1
Spellcasting   | |  2.0
Conjurations   | |  1.1

Action                   |  1- 3 |  4- 6 |  7- 9 | 10-12 || total
-------------------------+-------+-------+-------+-------++-------
Melee: Club              |     8 |       |       |       ||     8
       Mace              |    55 |   151 |   120 |       ||   326
       Whip              |       |       |   194 |    18 ||   212
       Flail             |       |       |       |    17 ||    17
 Cast: Sting             |    21 |     2 |     5 |       ||    28
       Olgreb's Toxic Ra |       |     3 |    15 |     1 ||    19
Invok: Heroism           |       |       |       |     2 ||     2
  Use: Scroll            |       |     8 |     3 |       ||    11
 Stab: Sleeping          |     1 |     5 |     5 |       ||    11
       Distracted        |       |       |     2 |       ||     2
  Eat: Chunk             |     4 |     7 |    16 |       ||    27
       Ration            |       |       |     1 |       ||     1
Armor: Robe              |    31 |    53 |       |       ||    84
       Leather armour    |       |     8 |   115 |    16 ||   139
Dodge: Dodged            |    71 |    99 |   170 |    24 ||   364
